 Dungeon Crawl Stone Soup version 0.30-a0-672-gc3a7216ad8 (webtiles) character file.

Game seed: 17993846157323148757

4192 Darius099 the Blocker (level 10, -1/65 HPs)
             Began as a Gargoyle Fighter on Jan 19, 2023.
             Was a High Priest of Okawaru.
             Slain by a two-headed ogre
             ... wielding a +0 giant club
              (14 damage)
             ... on level 9 of the Dungeon.
             The game lasted 00:19:15 (7808 turns).

Darius099 the Blocker (Gargoyle Fighter)            Turns: 7808, Time: 00:19:16

Health: -1/65      AC: 30    Str: 22    XL:     10   Next: 29%
Magic:  10/10      EV:  6    Int:  9    God:    Okawaru [*****.]
Gold:   448        SH:  6    Dex: 11    Spells: 9/9 levels left

rFire   . . .      SeeInvis .    j - +2 mace (protect)
rCold   + . .      Faith    .    c - +0 buckler
rNeg    + . .      Spirit   .    b - +0 plate armour
rPois   ∞          Reflect  .    q - +1 hat
rElec   +          Harm     .    (no cloak)
rCorr   .          Rampage  .    y - +0 pair of gloves
Will    .....                    (no boots) Stlth
                                 (no amulet)
HPRegen 0.30/turn                w - ring of wizardry
MPRegen 0.12/turn                D - ring of protection from cold

@: under a protective aura
A: sickness immunity, AC +7, negative energy resistance 1, electricity
resistance, torment resistance 1, petrification resistance, passive freeze
a: Renounce Religion, Heroism, Finesse, Duel


You were on level 9 of the Dungeon.
You worshipped Okawaru.
Okawaru was extremely pleased with you.
You visited 1 branch of the dungeon, and saw 9 of its levels.
You also visited: Bailey.

You collected 448 gold pieces.

Inventory:

Hand Weapons
 j - a +2 mace of protection (weapon)
 L - a +4 flail
Armour
 b - a +0 plate armour (worn)
 c - a +0 buckler (worn)
 q - a +1 hat (worn)
 y - a +0 pair of gloves (worn)
Jewellery
 w - a ring of wizardry (left hand)
 D - a ring of protection from cold (right hand)
Wands
 A - a wand of iceblast (12)
 B - a wand of flame (26)
 J - a wand of mindburst (6)
Scrolls
 e - 2 scrolls of blinking
 f - 2 scrolls of immolation
 g - 2 scrolls of identify {unknown}
 h - 3 scrolls of fear {unknown}
 l - 2 scrolls of fog {unknown}
 m - 4 scrolls of teleportation
 p - a scroll of brand weapon {unknown}
 t - a scroll of poison {unknown}
 v - a scroll of enchant weapon {unknown}
 E - 2 scrolls of magic mapping {unknown}
 F - 2 scrolls of enchant armour {unknown}
 H - a scroll of vulnerability {unknown}
 I - a scroll of noise {unknown}
 K - a scroll of amnesia {unknown}
Potions
 a - 5 potions of mutation
 d - 6 potions of might
 i - 6 potions of flight
 k - a potion of degeneration
 n - 7 potions of brilliance
 o - 3 potions of cancellation {unknown}
 r - 3 potions of ambrosia {unknown}
 s - 7 potions of resistance
 u - 3 potions of heal wounds
 x - 4 potions of curing
 z - 2 potions of attraction {unknown}
 C - 2 potions of haste {unknown}
 G - 3 potions of magic {unknown}


   Skills:
 + Level 8.7 Fighting
 + Level 7.6 Maces & Flails
 + Level 8.6 Armour
 + Level 8.7 Shields


You had 9 spell levels left.
You didn't know any spells.
Your spell library contained the following spells:

 Spells                   Type           Power      Damage    Failure   Level
 Sandblast                Erth           0%         2d4       95%         1
 Blink                    Tloc           0%         N/A       98%         2
 Passwall                 Tmut/Erth      0%         N/A       98%         2
 Ignite Poison            Fire/Tmut/Pois 0%         N/A       100%        3
 Kindle Blastsparks       Fire/Tloc/Air  0%         2d10      100%        3
 Stone Arrow              Conj/Erth      0%         3d7       100%        3
 Manifold Assault         Tloc           0%         N/A       100%        4
 Sticky Flame             Conj/Fire      0%         2d3       100%        4
 Freezing Cloud           Conj/Ice/Air   0%         6-21      100%        5
 Storm Form               Tmut/Air       0%         N/A       100%        7
 Ignition                 Fire           0%         3d3       100%        8
 Lehudib's Crystal Spear  Conj/Erth      0%         10d2      100%        8
 Animate Armour           Summ/Erth      Unusable   N/A       N/A         4

Dungeon Overview and Level Annotations

Branches:
Dungeon (9/15)             Temple (0/1) D:7          Bailey (visited)
   Lair: D:8-11         Orc: D:9-12

Altars:
Hepliaklqana
Okawaru
Uskayaw
Vehumet
Zin
The Shining One

Shops:
D:6 (


Innate Abilities, Weirdness & Mutations

You are immune to sickness and miasma.
Your stone body is resilient. (AC +7)
You are immune to poison.
You resist negative energy. (rN+)
You are resistant to electric shocks. (rElec)
You are resistant to unholy torment.
You are immune to petrification.
A frigid envelope surrounds you and freezes all who hurt you.


Message History

You hit the wight but do no damage. You block the wight's attack.
You closely miss the wight. The wight hits you with a +3 spear.
The wight resists.
The wight is very cold.
The wight is lightly damaged.
You hit the wight.
The wight is moderately damaged.
The wight barely misses you.
You barely miss the wight.
The wight is moderately damaged.
The wight hits you but does no damage.
The wight resists.
The wight is very cold.
The wight is heavily damaged.
You hit the wight.
The wight is almost destroyed.
The wight hits you with a +3 spear.
* * * LOW HITPOINT WARNING * * *
You barely miss the wight.
The wight is almost destroyed.
You block the wight's attack.
You hit the wight.
You destroy the wight!
Okawaru accepts your kill.
Things that are here:
a +3 spear; a +0 robe
Things that are here:
a +0 mace; a +0 robe
Things that are here:
a +4 flail; a +0 robe
L - a +4 flail You open the door.
A two-headed ogre comes into view. It is wielding two +0 giant clubs.
The two-headed ogre moves out of view.
There is an open door here.
You hit the two-headed ogre.
Your weapon exudes an aura of protection.
The two-headed ogre is lightly wounded.
The two-headed ogre hits you with a +0 giant club!
* * * LOW HITPOINT WARNING * * *
The two-headed ogre hits you with a +0 giant club!
You die...

###.........####+#...
#...........'....#...
#...........#....#..#
######...........#....#..#
#..............>.#....#..#
#.......#######..######..+
#.......#.....#<.........#
#.......#.....#..###'#...#
##.....['@....#..#...#...#
#.....)#O....#..#...#...#
#....).#.....#..#...#....
#......#.....#..#...#....
#......#.....#..#...#....
#......####+##..#...#....
##...... ...#...#....
#.##...# .... #.... #.
.##.. ....##+##....


You could see a two-headed ogre.

Vanquished Creatures
  Pikel (D:4)
  An orc knight (Bailey)
  2 wyverns
  Menkaure (D:4)
  An acid dragon (D:9)
  3 ice beasts
  An orc warrior (D:7)
  A sky beast (D:8)
  2 black bears (D:6)
  An ogre (D:5)
  A centaur (D:6)
  A lemure (D:3)
  2 kobold brigands (D:9)
  3 bullfrogs
  A gnoll sergeant (D:8)
  A scorpion (D:4)
  3 wights (D:9)
  13 killer bees
  A howler monkey (D:7)
  A jelly (D:6)
  4 hounds
  2 orc priests
  2 iguanas (D:4)
  6 orc wizards
  Robin (D:4)
  16 gnolls
  3 adders
  A shadow imp (D:5)
  2 white imps (D:7)
  An ufetubus (D:7)
  2 worms (D:4)
  2 dart slugs (D:3)
  40 orcs
  2 bats
  7 endoplasms
  2 giant cockroaches
  18 goblins
  7 hobgoblins
  3 jackals (D:5)
  7 kobolds
  A quokka (D:4)
  2 ball pythons
  5 frilled lizards
  3 rats
180 creatures vanquished.

Vanquished Creatures (others)
  3 fungi (D:6)
3 creatures vanquished.

Grand Total: 183 creatures vanquished

Notes
Turn   | Place    | Note
-------+----------+-------------------------------------------
     0 | D:1      | Darius099 the Gargoyle Fighter began the quest for the Orb.
     0 | D:1      | Reached XP level 1. HP: 14/14 MP: 1/1
    60 | D:1      | Found a faded altar of an unknown god.
   140 | D:1      | Reached XP level 2. HP: 15/19 MP: 2/2
   692 | D:2      | Reached XP level 3. HP: 21/24 MP: 3/3
  1280 | D:2      | Found an iron altar of Okawaru.
  1421 | D:2      | Became a worshipper of Warmaster Okawaru
  1887 | D:3      | Reached XP level 4. HP: 29/29 MP: 4/4
  2423 | D:4      | Found a glowing golden altar of the Shining One.
  2562 | D:4      | Noticed Robin
  2573 | D:4      | Noticed a lemure
  2680 | D:3      | Reached XP level 5. HP: 32/33 MP: 5/5
  2722 | D:3      | Killed a lemure
  2753 | D:4      | Killed Robin
  2775 | D:4      | Noticed Pikel
  2775 | D:4      | Noticed a lemure
  2775 | D:4      | Noticed a lemure
  2775 | D:4      | Noticed a lemure
  2809 | D:4      | Killed Pikel
  2809 | D:4      | Reached * piety under Okawaru
  2809 | D:4      | Reached ** piety under Okawaru
  2810 | D:4      | Reached skill level 5 in Fighting
  2810 | D:4      | Reached skill level 5 in Armour
  2810 | D:4      | Reached skill level 5 in Shields
  2810 | D:4      | Reached XP level 6. HP: 19/40 MP: 6/6
  2810 | D:4      | Reached XP level 7. HP: 21/44 MP: 7/7
  2815 | D:4      | HP: 1/44 [iguana (11)]
  2837 | D:4      | Noticed Menkaure
  2842 | D:4      | Killed Menkaure
  3479 | D:5      | Entered Level 5 of the Dungeon
  3526 | D:5      | Reached XP level 8. HP: 36/51 MP: 8/8
  3746 | D:5      | Reached skill level 5 in Maces & Flails
  3751 | D:5      | Gained mutation: You expend magic power (3 MP) to
                  | strengthen your wands. [potion of mutation]
  3751 | D:5      | Gained mutation: You are somewhat resistant to further
                  | mutation. [potion of mutation]
  4076 | D:5      | Found a hazy altar of Hepliaklqana.
  4100 | D:5      | Found an iron altar of Okawaru.
  4102 | D:5      | Found a glowing silver altar of Zin.
  4274 | D:5      | Lost mutation: You expend magic power (3 MP) to strengthen
                  | your wands. [potion of mutation]
  4274 | D:5      | Lost mutation: You are somewhat resistant to further
                  | mutation. [potion of mutation]
  4274 | D:5      | Gained mutation: A frigid envelope surrounds you and
                  | freezes all who hurt you. [potion of mutation]
  4389 | D:6      | Reached *** piety under Okawaru
  4577 | D:6      | Reached XP level 9. HP: 32/56 MP: 9/9
  4662 | D:6      | Found Delaseel's Weapon Emporium.
  5060 | D:7      | Reached **** piety under Okawaru
  5114 | D:7      | Found a staircase to the Ecumenical Temple.
  6864 | D:9      | Found a flagged portal.
  6872 | Bailey   | Entered a bailey
  7022 | Bailey   | Noticed an orc knight
  7041 | Bailey   | Killed an orc knight
  7334 | D:9      | Reached XP level 10. HP: 64/64 MP: 10/10
  7585 | D:9      | Found a hide-covered altar of Uskayaw.
  7585 | D:9      | Found a radiant altar of Vehumet.
  7590 | D:9      | Reached ***** piety under Okawaru
  7805 | D:9      | Noticed a two-headed ogre
  7808 | D:9      | Slain by a two-headed ogre

Illustrated notes

Levels and vault maps discovered:
D:1:      roderic_dead_forest, layout_basic, ebering_ecumenical_altar_mist,
          nrook_mini_backslash
D:2:      layout_basic, basic_altar, kennysheep_pointless_box
D:3:      layout_basic, st_stairs_6
D:4:      layout_loops_ring, tso_oasis_becter, kennysheep_generic_room_3,
          uniq_robin, uniq_pikel, uniq_menkaure
D:5:      layout_cave_pools, mainiacjoe_overflow_six_doors_small,
          chequers_temple_overflow_statue_of_worship
D:6:      layout_loops_cross, serial_shops, nicolae_shop_bloodbath_and_beyond,
          wad_floor_pattern_untrapped, dreamdust_mushroom_princess,
          feat_on_display
D:7:      layout_gridville, temple_doors_e
D:8:      layout_loops_corners
D:9:      layout_irregular_city, gammafunk_temple_overflow_pools,
          enter_bailey_2, kennysheep_minor_cross, hangedman_decor_peaks_small

Skill      XL: |  1  2  3  4  5  6  7  8  9 |
---------------+----------------------------+-----
Fighting       | 4 5 6 8 |  8.7
Armour         | 4 5 6 8 |  8.6
Shields        | 4 5 6 8 |  8.7
Maces & Flails | 3 4 5 7 |  7.6

Action                   |  1- 3 |  4- 6 |  7- 9 | 10-12 || total
-------------------------+-------+-------+-------+-------++-------
Melee: Flail             |    24 |       |       |       ||    24
       Mace              |    74 |   118 |   278 |    48 ||   518
  Use: Scroll            |     3 |       |     1 |       ||     4
       Potion            |       |     2 |     7 |       ||     9
Armor: Scale mail        |    52 |   126 |    15 |       ||   193
       Chain mail        |       |       |    30 |       ||    30
       Plate armour      |       |       |   302 |    51 ||   353
Dodge: Dodged            |    43 |    82 |   114 |    27 ||   266
Block: Buckler           |    19 |    36 |    98 |    27 ||   180

Table legend: (Time is in decaauts)
 A = Elapsed time spent in this place.
 B = Non-inter-level travel time spent in this place.
 C = Inter-level travel time spent in this place.
 D = Time resting spent in this place.
 E = Time spent auto-exploring this place.
 F = Levels seen in this place.
 G = Mean time per level.
                   A        B        C        D        E       F      G
               +--------+--------+--------+--------+--------+-----+--------+
         Total |   7926 |   7542 |    384 |    673 |   5153 |  10 |  792.6 |
       Dungeon |   7481 |   7097 |    384 |    542 |   5048 |   9 |  831.2 |
        Bailey |    444 |    444 |      0 |    131 |    105 |   1 |  444.0 |
               +--------+--------+--------+--------+--------+-----+--------+

Top non-repeatable levels by time:
     D:4: 1370 daAuts
     D:3: 906 daAuts
     D:8: 901 daAuts
     D:7: 851 daAuts
     D:2: 773 daAuts
     D:6: 713 daAuts
     D:1: 693 daAuts
     D:5: 661 daAuts
     D:9: 611 daAuts
  Bailey: 444 daAuts
